 Dungeon Crawl Stone Soup version 0.30-a0-782-ge64f9170bb (webtiles) character file.

Game seed: 14397279527759364428

5742 Ezra the Frost Mage (level 11, -5/75 HPs)
             Began as a Human Ice Elementalist on Feb 19, 2023.
             Was an Initiate of Vehumet.
             Slain by a seven-headed hydra (16 damage)
             ... on level 9 of the Dungeon.
             The game lasted 00:14:42 (9888 turns).

Ezra the Frost Mage (Human Ice Elementalist)        Turns: 9888, Time: 00:14:43

Health: -5/75      AC:  5    Str: 15    XL:     11   Next: 5%
Magic:  19/20      EV: 14    Int: 19    God:    Vehumet [......]
Gold:   241        SH:  5    Dex: 14    Spells: 15/22 levels left

rFire   + . .      SeeInvis .    b - +0 shortbow (elec)
rCold   . . .      Faith    .    (shield currently unavailable)
rNeg    . . .      Spirit   .    e - +0 leather armour
rPois   .          Reflect  +    (no helmet)
rElec   .          Harm     .    (no cloak)
rCorr   .          Rampage  .    O - +1 pair of gloves {Stlth+}
Will    .....                    (no boots)
Stlth   ++++                     t - amulet of reflection
HPRegen 0.32/turn                i - +6 ring of strength
MPRegen 0.17/turn                D - ring of protection from fire

@: about to teleport, freezing walls
A: no striking features
a: Renounce Religion


You were on level 9 of the Dungeon.
You worshipped Vehumet.
Vehumet was noncommittal.
You visited 2 branches of the dungeon, and saw 10 of its levels.

You collected 521 gold pieces.
You spent 280 gold pieces at shops.

Inventory:

Hand Weapons
 a - the +9 dagger "Lajus" {flame, rPois MP+9 Int+3 Dex+3}
   (You found it on level 3 of the Dungeon)

   Int:       It affects your intelligence (+3).
   Dex:       It affects your dexterity (+3).
   rPois:     It protects you from poison.
   MP:        It affects your magic capacity (+9).
 b - a +0 shortbow of electrocution (weapon)
Missiles
 r - a throwing net
Armour
 e - a +0 leather armour (worn)
 M - a +0 robe of fire resistance
 O - a +1 pair of gloves of stealth (worn)
Magical Staves
 E - a staff of cold
Jewellery
 i - a +6 ring of strength (left hand)
 q - a +6 ring of strength
 t - an amulet of reflection (around neck)
 D - a ring of protection from fire (right hand)
 G - a +4 ring of protection
Wands
 v - a wand of polymorph (18)
 y - a wand of charming (8)
 J - a wand of flame (10)
 L - a wand of roots (5)
Scrolls
 c - 13 scrolls of identify {unknown}
 d - 2 scrolls of noise {unknown}
 f - 2 scrolls of magic mapping {unknown}
 h - a scroll of silence {unknown}
 j - 6 scrolls of teleportation
 l - a scroll of enchant weapon {unknown}
 n - 3 scrolls of vulnerability {unknown}
 s - a scroll of enchant armour {unknown}
 u - a scroll of torment {unknown}
 x - a scroll of amnesia {unknown}
 A - a scroll of acquirement {unknown}
 B - a scroll of blinking {unknown}
 C - 2 scrolls of fear {unknown}
 I - 2 scrolls of poison {unknown}
Potions
 g - 2 potions of cancellation
 k - 2 potions of heal wounds
 m - 3 potions of ambrosia {unknown}
 o - a potion of flight {unknown}
 p - 2 potions of might {unknown}
 w - 3 potions of mutation {unknown}
 z - 5 potions of brilliance {unknown}
 F - 2 potions of lignification {unknown}
 H - a potion of curing {unknown}
 K - 2 potions of magic


   Skills:
 - Level 3.0 Fighting
 - Level 4.0 Short Blades
 - Level 6.0 Dodging
 - Level 5.0 Stealth
 - Level 6.0 Spellcasting
 + Level 12.2 Ice Magic


You had 15 spell levels left.
You knew the following spells:

 Your Spells              Type           Power      Damage    Failure   Level
a - Freeze                Ice            100%       1d10      1%          1
b - Frozen Ramparts       Ice            100%       1d16      1%          3
d - Ozocubu's Armour      Ice            51%        N/A       1%          3

Your spell library contained the following spells:

 Spells                   Type           Power      Damage    Failure   Level
 Ensorcelled Hibernation  Hex/Ice        56%        N/A       1%          2
 Summon Ice Beast         Ice/Summ       28%        N/A       11%         4
 Necrotise                Necr           20%        1d5       14%         1
 Passwall                 Tmut/Erth      4%         N/A       21%         2
 Sublimation of Blood     Necr           5%         N/A       21%         2
 Wereblood                Tmut           5%         N/A       21%         2
 Spider Form              Tmut/Pois      5%         N/A       38%         3
 Swiftness                Air            5%         N/A       38%         3
 Tukima's Dance           Hex            5%         N/A       38%         3
 Vampiric Draining        Necr           5%         2d6       38%         3
 Anguish                  Hex/Necr       2%         N/A       80%         4
 Passage of Golubria      Tloc           5%         N/A       80%         4
 Agony                    Necr           5%         N/A       98%         5
 Yara's Violent Unravell  Hex/Tmut       2%         3d3       98%         5
 Summon Hydra             Summ           2%         N/A       100%        7


Dungeon Overview and Level Annotations

Branches:
Dungeon (9/15)             Temple (1/1) D:5
   Lair: D:8-11         Orc: D:9-12

Altars:
Ashenzari
Cheibriados
Dithmenos
Elyvilon
Fedhas
Gozag
Hepliaklqana
Kikubaaqudgha
Makhleb
Nemelex Xobeh
Qazlal
Ru
Sif Muna
Trog
Uskayaw
Vehumet
Wu Jian
Xom
Yredelemnul
Zin
The Shining One

Shops:
D:5 *   D:9 [

Annotations:
D:9 2 runed translucent doors


Message History

A killer bee is nearby!
You shoot an arrow.
The arrow closely misses the killer bee.
You feel very sick.
The wall freezes the killer bee.
You block the killer bee's attack.
The wall freezes the killer bee.
You kill the killer bee!
Vehumet accepts your kill.
A wyvern comes into view.
You shoot an arrow. The arrow hits the wyvern!
The wyvern is moderately wounded.
You feel sick.
You hear a roar!
You shoot an arrow. The arrow hits the wyvern.
Lightning courses through the wyvern!
The wyvern is severely wounded.
You feel sick.
The wall freezes the wyvern but does no damage. x2
The wyvern barely misses you.
You shoot an arrow. The arrow barely misses the wyvern.
You feel sick.
The wall freezes the wyvern but does no damage.
The wyvern bites you.
A seven-headed hydra comes into view.
The wall freezes the wyvern.
The wyvern bites you!
The wall freezes the wyvern!
You kill the wyvern!
Vehumet accepts your kill.
You are too injured to fight recklessly!
Unknown command.
As you read the scroll labelled XINEZXUCLAGE, it crumbles to dust.
You feel strangely unstable.
It was a scroll of teleportation.
You feel sick.
You are no longer poisoned.
The wall freezes the seven-headed hydra!
You feel much better.
The wall freezes the seven-headed hydra!
The seven-headed hydra bites you! x2; The seven-headed hydra bites you.
The seven-headed hydra bites you!
* * * LOW HITPOINT WARNING * * *
The seven-headed hydra completely misses you.
The seven-headed hydra bites you!
You die...

......
#..##.#...##..#.
......
##.............>
....### ##
###............
..###. #.#
##..###....###.#.
###..#
#.##..##.###...##.#.
###+##
#.#......W###......
.#..y# #...# ###....
.#..T# #.#.?.....
+##.. .##+##
#@#.###### #....
#...# #D##.. #...###
##### #.# .## #.....
..### #.# .. ..##.
#...## #. ## . #.
...... . # ...# #
.##..# ...# ....# ..
...# ....# ..


You could see a seven-headed hydra.

Vanquished Creatures
  A centaur warrior (D:9)
  Pikel (D:6)
  A deep elf pyromancer (D:9)
  Psyche (D:9)
  2 hornets
  Sigmund (D:6)
  A wyvern (D:9)
  An acid dragon (D:9)
  Duvessa (D:6)
  3 water moccasins
  2 orc warriors
  3 black bears
  A sky beast (D:8)
  An ice beast (D:7)
  3 ogres
  4 centaurs
  A phantom (D:7)
  A kobold brigand (D:9)
  2 bullfrogs
  3 necrophages
  2 scorpions (D:5)
  Dowan (D:6)
  A killer bee (D:9)
  2 howler monkeys (D:8)
  An orc priest (D:8)
  7 hounds
  A jelly (D:4)
  A gnoll bouda (D:7)
  Terence (D:2)
  4 iguanas
  3 orc wizards
  8 gnolls
  12 adders
  A shadow imp (D:8)
  3 white imps
  An ufetubus (D:5)
  9 worms
  3 dart slugs
  29 orcs
  8 ball pythons
  6 bats
  8 endoplasms
  2 giant cockroaches
  3 goblins
  7 hobgoblins
  10 kobolds
  3 quokkas
  5 frilled lizards
  9 rats
185 creatures vanquished.

Vanquished Creatures (others)
  An orc (D:8)
1 creature vanquished.

Grand Total: 186 creatures vanquished

Notes
Turn   | Place    | Note
-------+----------+-------------------------------------------
     0 | D:1      | Ezra the Human Ice Elementalist began the quest for the
                  | Orb.
     0 | D:1      | Reached XP level 1. HP: 13/13 MP: 3/3
   220 | D:1      | Reached XP level 2. HP: 12/19 MP: 1/5
   691 | D:1      | Reached XP level 3. HP: 13/24 MP: 1/6
   693 | D:1      | Reached skill level 5 in Ice Magic
  1353 | D:2      | Noticed Terence
  1363 | D:2      | Killed Terence
  1364 | D:2      | Reached XP level 4. HP: 29/30 MP: 2/7
  1799 | D:2      | Reached skill level 6 in Ice Magic
  1799 | D:2      | Reached XP level 5. HP: 30/35 MP: 5/8
  2311 | D:3      | Found a faded altar of an unknown god.
  2356 | D:3      | Found a sparkling altar of Nemelex Xobeh.
  2625 | D:3      | Identified the +9 dagger "Lajus" {flame, rPois MP+9 Int+3
                  | Dex+3}
  3121 | D:3      | Reached XP level 6. HP: 41/41 MP: 9/9
  3695 | D:4      | Reached skill level 7 in Ice Magic
  3710 | D:4      | Reached skill level 1 in Fighting
  3902 | D:4      | Learned a level 3 spell: Frozen Ramparts
  4334 | D:4      | Identified the +1 ring mail "Zustrog" {rElec rF+ Will-}
  4540 | D:5      | Entered Level 5 of the Dungeon
  4552 | D:5      | Reached XP level 7. HP: 52/52 MP: 10/10
  4690 | D:5      | Found a staircase to the Ecumenical Temple.
  4694 | D:5      | Noticed a water moccasin
  4702 | D:5      | Killed a water moccasin
  4707 | Temple   | Entered the Ecumenical Temple
  4899 | D:5      | Noticed a moth of wrath
  4902 | D:5      | Found a bloodstained altar of Trog.
  4922 | D:5      | Reached skill level 5 in Dodging
  5191 | D:5      | Reached XP level 8. HP: 42/58 MP: 11/11
  5454 | D:5      | Found an opulent altar of Gozag.
  5455 | D:5      | Found Gozag's Platinum Reserve.
  5697 | D:5      | Found a broken altar of Ashenzari.
  5809 | D:6      | Noticed Sigmund
  5820 | D:6      | Killed Sigmund
  5821 | D:6      | Reached skill level 5 in Stealth
  6031 | D:6      | Reached XP level 9. HP: 61/63 MP: 15/15
  6099 | D:6      | Noticed a hornet
  6107 | D:6      | Killed a hornet
  6108 | D:6      | Reached skill level 8 in Ice Magic
  6467 | D:6      | Noticed Pikel
  6476 | D:6      | Killed Pikel
  6477 | D:6      | Reached skill level 9 in Ice Magic
  6632 | D:6      | Noticed Dowan
  6632 | D:6      | Noticed Duvessa
  6642 | D:6      | Killed Duvessa
  6647 | D:6      | Killed Dowan
  6899 | D:7      | Reached skill level 10 in Ice Magic
  6944 | D:7      | Learned a level 3 spell: Ozocubu's Armour
  7086 | D:7      | Reached XP level 10. HP: 70/70 MP: 16/16
  7576 | D:7      | Found a stormy altar of Qazlal.
  7729 | D:8      | Found a sacrificial altar of Ru.
  7754 | D:8      | Reached skill level 11 in Ice Magic
  7913 | D:8      | Found an ancient bone altar of Kikubaaqudgha.
  7913 | D:8      | Found a snail-covered altar of Cheibriados.
  8319 | D:8      | Reached skill level 12 in Ice Magic
  8371 | D:8      | Found a radiant altar of Vehumet.
  8385 | D:8      | Became a worshipper of Vehumet
  8628 | D:8      | Found a shimmering altar of Xom.
  9042 | D:9      | Noticed a deep elf pyromancer
  9047 | D:9      | Killed a deep elf pyromancer
  9220 | D:9      | Reached skill level 5 in Spellcasting
  9290 | D:9      | Noticed Psyche
  9296 | D:9      | Killed Psyche
  9296 | D:9      | Noticed a centaur warrior
  9310 | D:9      | Killed a centaur warrior
  9457 | D:9      | Found a runed translucent door.
  9457 | D:9      | Found a runed translucent door.
  9588 | D:9      | Reached XP level 11. HP: 28/75 MP: 5/20
  9783 | D:9      | Found a basalt altar of Yredelemnul.
  9785 | D:9      | Found Roih's Antique Armour Shoppe.
  9792 | D:9      | Bought a bloodstained ring mail for 153 gold pieces
  9792 | D:9      | Identified the +4 ring mail of the Tanner {Harm Rampage
                  | Dex-5 Stlth+} (You bought it in a shop on level 9 of the
                  | Dungeon)
  9792 | D:9      | Bought a pair of embroidered gloves for 127 gold pieces
  9886 | D:9      | Noticed a seven-headed hydra
  9888 | D:9      | Slain by a seven-headed hydra

Illustrated notes

Levels and vault maps discovered:
D:1:      psy_arrival_basics, layout_loops_corners, chequers_arboretum,
          hangedman_decor_growths
D:2:      layout_basic, uniq_terence
D:3:      minmay_skewed_foursquare, layout_basic, mainiacjoe_overflow_24_doors,
          chequers_ecumenical_altar_twisty
D:4:      layout_gridville
D:5:      layout_loops_cross, ashenzari_conservatory_becter,
          nicolae_gozag_zags_fifth_avenue, tgw_trog,
          minmay_temple_entry_mini_moons, amcnicky_mini_pool_medium
D:6:      layout_loops_ring, uniq_pikel, uniq_sigmund, uniq_duvessa
D:7:      layout_rooms, kennysheep_mini_moat
D:8:      layout_basic, fiery_altar_vehumet, jmf_multi_god_temple,
          mainiacjoe_overflow_catch_the_wave
D:9:      minmay_the_grid_four_pointed_star
          [minmay_the_grid_triangle_9x9_windchime,
          minmay_the_grid_triangle_9x9_from_above,
          minmay_the_grid_triangle_9x9_shrine,
          minmay_the_grid_triangle_9x9_tough_junction,
          minmay_the_grid_prize_diamond_cup], layout_basic, kennysheep_mini,
          serial_shops, shop, uniq_psyche, uniq_grum
Temple:   cyrus_temple_forest

Skill      XL: |  1  2  3  4  5  6  7  8  9 10 11 |
---------------+----------------------------------+-----
Ice Magic      | 5 6 7 10 12 | 12.2
Fighting       | 3 |  3.0
Dodging        | 5 6 |  6.0
Stealth        | 5 |  5.0
Spellcasting   | 4 6 |  6.0
Short Blades   | 3 4 |  4.0

Action                     |  1- 3 |  4- 6 |  7- 9 | 10-12 || total
---------------------------+-------+-------+-------+-------++-------
  Melee: Punch             |     1 |       |     1 |       ||     2
         Unarmed           |     1 |       |       |       ||     1
         Dagger            |       |    13 |    42 |    16 ||    71
         Quarterstaff      |       |     7 |       |       ||     7
         Short sword       |       |     2 |       |       ||     2
   Fire: Shortbow          |       |       |       |    40 ||    40
  Throw: Boomerang         |    44 |    31 |       |       ||    75
   Cast: Freeze            |    31 |    83 |    63 |    19 ||   196
         Frozen Ramparts   |       |       |    24 |    17 ||    41
         Ozocubu's Armour  |       |       |     1 |    11 ||    12
  Evoke: Wand              |       |       |       |     2 ||     2
    Use: Potion            |       |     2 |       |     3 ||     5
         Scroll            |       |       |       |     1 ||     1
   Stab: Sleeping          |       |       |       |     1 ||     1
 Armour: Leather armour    |     7 |    21 |    11 |    11 ||    50
         Robe              |     1 |       |       |       ||     1
  Dodge: Dodged            |    26 |    45 |    65 |    43 ||   179
  Block: Other             |       |       |     9 |    11 ||    20
         Reflection        |       |       |     1 |     2 ||     3

Table legend: (Time is in decaauts)
 A = Elapsed time spent in this place.
 B = Non-inter-level travel time spent in this place.
 C = Inter-level travel time spent in this place.
 D = Time resting spent in this place.
 E = Time spent auto-exploring this place.
 F = Levels seen in this place.
 G = Mean time per level.
                   A        B        C        D        E       F      G
               +--------+--------+--------+--------+--------+-----+--------+
         Total |   9930 |   9681 |    249 |    172 |   8138 |  10 |  993.0 |
       Dungeon |   9816 |   9591 |    225 |    172 |   8056 |   9 | 1090.7 |
        Temple |    114 |     90 |     24 |      0 |     82 |   1 |  114.0 |
               +--------+--------+--------+--------+--------+-----+--------+

Top non-repeatable levels by time:
     D:3: 1497 daAuts
     D:1: 1355 daAuts
     D:8: 1335 daAuts
     D:5: 1126 daAuts
     D:6: 1078 daAuts
     D:9: 914 daAuts
     D:4: 864 daAuts
     D:2: 843 daAuts
     D:7: 799 daAuts
  Temple: 114 daAuts
